 Dungeon Crawl Stone Soup version 0.29.1-13-g9f3cf754e1 (webtiles) character file.

Game seed: 8240060717307013278

2118 Hrothgar the Firebug (level 9, -5/70 HPs)
             Began as a Hill Orc Fire Elementalist on Feb 10, 2023.
             Was a Believer of Beogh.
             Shot with an arrow by a centaur (7 damage)
             ... on level 7 of the Dungeon.
             The game lasted 00:37:43 (8094 turns).

Hrothgar the Firebug (Hill Orc Fire Elementalist)   Turns: 8094, Time: 00:37:44

Health: -5/70      AC:  4    Str: 17    XL:     9   Next: 29%
Magic:  15/15      EV: 12    Int: 17    God:    Beogh [**....]
Gold:   341        SH:  0    Dex: 11    Spells: 2/16 levels left

rFire   + . .      SeeInvis .   A - +3 whip "Letaqy" {vorpal, rF+ rCorr Str+4}
rCold   + . .      Faith    .   (no shield)
rNeg    . . .      Spirit   .   z - +2 robe {Will+}
rPois   .          Reflect  .   (no helmet)
rElec   .          Harm     .   (no cloak)
rCorr   +          Rampage  .   (no gloves)
Will    +....                   (no boots)
Stlth   ++........              (no amulet)
HPRegen 0.21/turn               e - ring of protection from cold
MPRegen 0.14/turn               o - ring of flight

@: flying
A: no striking features
a: Renounce Religion, Smiting


You were on level 7 of the Dungeon.
You worshipped Beogh.
Beogh was pleased with you.
You visited 1 branch of the dungeon, and saw 7 of its levels.

You collected 341 gold pieces.

Inventory:

Hand Weapons
 b - the +10 quick blade "Ynahiq" {freeze, Will+}
   (You acquired it on level 4 of the Dungeon)

   It freezes those it strikes, dealing additional cold damage.
   It can also slow down cold-blooded creatures.
   Will:      It increases your willpower.
 A - the +3 whip "Letaqy" (weapon) {vorpal, rF+ rCorr Str+4}
   (You found it on level 7 of the Dungeon)

   It inflicts extra damage upon your enemies.
   Str:       It affects your strength (+4).
   rF:        It protects you from fire.
   rCorr:     It protects you from acid and corrosion.
Armour
 a - a +0 robe
 z - a +2 robe of willpower (worn)
Jewellery
 e - a ring of protection from cold (left hand)
 o - a ring of flight (right hand)
 q - a ring of willpower
 r - a +4 ring of protection
 w - a ring of wizardry
Wands
 u - a wand of roots (3)
 v - a wand of flame (15)
 y - a wand of polymorph (1)
Scrolls
 g - a scroll of torment
 j - 2 scrolls of enchant weapon
 k - a scroll of teleportation
 p - a scroll of vulnerability
 t - a scroll of magic mapping
Potions
 c - a potion of experience {unknown}
 d - a potion of curing
 f - a potion of flight
 h - 2 potions of brilliance
 i - 2 potions of ambrosia
 l - a potion of might
 m - 2 potions of degeneration
 s - 3 potions of mutation {unknown}
 x - a potion of invisibility {unknown}


   Skills:
 * Level 3.5 Fighting
 * Level 2.6 Short Blades
 * Level 0.4 Maces & Flails
 * Level 3.1 Armour
 * Level 2.9 Dodging
 * Level 3.3 Stealth
 * Level 2.5 Unarmed Combat
 * Level 4.3 Spellcasting
 * Level 2.9 Conjurations
 * Level 2.5 Hexes
 * Level 2.0 Necromancy
 * Level 6.3 Fire Magic
 * Level 3.0 Invocations
 * Level 1.3 Evocations


You had 2 spell levels left.
You knew the following spells:

 Your Spells              Type           Power      Damage    Failure   Level
a - Foxfire               Conj/Fire      76%        2x1d7     2%          1
b - Scorch                Fire           50%        2d8       1%          2
c - Inner Flame           Hex/Fire       18%        N/A       8%          3
d - Flame Wave            Conj/Fire      19%        2d7       22%         4
e - Necrotise             Necr           40%        1d6       7%          1
f - Vampiric Draining     Necr           10%        2d6       21%         3

Your spell library contained the following spells:

 Spells                   Type           Power      Damage    Failure   Level
 Sublimation of Blood     Necr           10%        N/A       10%         2
 Conjure Flame            Conj/Fire      19%        6-21      7%          3
 Cause Fear               Hex            6%         N/A       47%         4
 Petrify                  Tmut/Erth      3%         N/A       83%         4
 Agony                    Necr           10%        N/A       88%         5
 Irradiate                Conj/Tmut      4%         3d13      93%         5
 Discord                  Hex            6%         N/A       100%        8


Dungeon Overview and Level Annotations

Branches:
Dungeon (7/15)             Temple (0/1) D:5

Altars:
Dithmenos
Okawaru
Uskayaw
The Shining One

Shops:
D:7 :


Message History

As you read the scroll of teleportation, it crumbles to dust.
You feel strangely unstable.
The centaur zaps a wand.
The puff of flame hits you. You resist.
* * * LOW HITPOINT WARNING * * *
The centaur shoots an arrow.
The arrow barely misses you.
Your surroundings suddenly seem different.
You start resting.
Magic restored.
Found Jatuittia's Tremendous Tomes.
There is an entrance to Jatuittia's Tremendous Tomes here.
Found a stone staircase leading up.
Found a scroll of identify.
n - a scroll of identify
As you read the scroll of identify, it crumbles to dust.
h - 2 potions of brilliance
Found 10 gold pieces.
Found a stone staircase leading down.
Found a potion of flight.
You're wearing all the rings you can.
Remove which one? (? for menu, Esc to cancel) < or
e - a ring of protection from cold; > or
q - a ring of willpower You remove your ring of willpower.
You fly up into the air.
o - a ring of flight (right hand)
The centaur shouts!
The centaur zaps a wand.
The puff of flame hits you. You resist.
The centaur shoots an arrow.
The arrow hits you!
The centaur shoots an arrow.
The arrow hits you.
You see here 10 gold pieces.
You now have 341 gold pieces (gained 10).
The centaur shoots an arrow.
The arrow completely misses you.
The centaur shoots an arrow.
The arrow hits you!
The centaur shoots an arrow.
The arrow hits you!
The centaur shoots an arrow.
The arrow misses you.
The centaur shoots an arrow.
The arrow hits you!
* * * LOW HITPOINT WARNING * * *
The centaur shoots an arrow.
The arrow hits you!
* * * LOW HITPOINT WARNING * * *
The centaur shoots an arrow.
The arrow hits you!
You die...

##### ...... ...#..##.
...c. ... #..### #..#####
...###..### #......##
..........## #..≈≈≈..#..#
#.... #..≈.≈...># #<..#.##
#..≈≈≈.#### ###.#.#
##.....# ..#.# ####@##
####.# #..# #.#
########.##############.##
..........................
#######################.##
........# #########


You could see a centaur.

Vanquished Creatures
  Sigmund (D:3)
  Duvessa (D:6)
  An orc warrior (D:6)
  An ice beast (D:6)
  An ogre (D:4)
  A centaur (D:5)
  A wolf (D:7)
  A kobold brigand (D:6)
  2 bullfrogs
  A scorpion (D:5)
  A gnoll sergeant (D:7)
  4 necrophages
  Dowan (D:6)
  4 howler monkeys
  Crazy Yiuf (D:4)
  2 orc priests
  2 hounds (D:6)
  A jelly (D:7)
  Jessica (D:3)
  6 iguanas
  2 orc wizards
  3 gnolls (D:7)
  11 adders
  A white imp (D:4)
  2 ufetubi
  2 worms (D:4)
  2 dart slugs
  16 orcs
  6 ball pythons
  5 endoplasms
  3 giant cockroaches
  9 goblins
  10 hobgoblins
  6 jackals (D:2)
  13 kobolds
  6 quokkas
  2 bats (D:1)
  3 frilled lizards
  6 rats
142 creatures vanquished.

Vanquished Creatures (others)
  65 foxfires
65 creatures vanquished.

Grand Total: 207 creatures vanquished

Notes
Turn   | Place    | Note
-------+----------+-------------------------------------------
     0 | D:1      | Hrothgar the Hill Orc Fire Elementalist began the quest for
                  | the Orb.
     0 | D:1      | Reached XP level 1. HP: 14/14 MP: 3/3
    98 | D:1      | Reached XP level 2. HP: 17/22 MP: 0/4
   399 | D:1      | Learned a level 2 spell: Scorch
   545 | D:2      | Reached XP level 3. HP: 23/27 MP: 2/5
   606 | D:3      | Reached skill level 1 in Fighting
   779 | D:3      | Noticed Jessica
   806 | D:3      | Killed Jessica
   807 | D:3      | Reached skill level 4 in Fire Magic
   807 | D:3      | Reached XP level 4. HP: 2/35 MP: 0/7
  1105 | D:3      | Learned a level 3 spell: Inner Flame
  1496 | D:4      | Noticed a bullfrog
  1504 | D:4      | Killed a bullfrog
  1505 | D:4      | Reached skill level 1 in Short Blades
  1505 | D:4      | Reached skill level 1 in Armour
  1505 | D:4      | Reached XP level 5. HP: 34/40 MP: 3/8
  1541 | D:5      | Entered Level 5 of the Dungeon
  1544 | D:5      | Noticed a centaur
  2317 | D:5      | HP: 2/41 [centaur/arrow (10)]
  2875 | D:4      | Noticed an ogre
  2886 | D:4      | Killed an ogre
  2887 | D:4      | Reached XP level 6. HP: 27/48 MP: 4/9
  2952 | D:4      | Identified a scroll of acquirement
  2953 | D:4      | Acquired the +10 quick blade "Ynahiq" {freeze, Will+}
  2963 | D:4      | Found a shadowy altar of Dithmenos.
  2972 | D:4      | Became a worshipper of Beogh the Brigand
  3031 | D:4      | Found a runed translucent door.
  3032 | D:4      | Noticed Crazy Yiuf
  3040 | D:4      | Learned a level 4 spell: Flame Wave
  3097 | D:4      | Reached skill level 1 in Hexes
  3098 | D:4      | Found a glowing golden altar of the Shining One.
  3290 | D:4      | Killed Crazy Yiuf
  3958 | D:3      | Noticed Sigmund
  3967 | D:3      | Killed Sigmund
  3968 | D:3      | Reached skill level 1 in Unarmed Combat
  3968 | D:3      | Reached skill level 5 in Fire Magic
  3968 | D:3      | Reached skill level 1 in Invocations
  3968 | D:3      | Reached XP level 7. HP: 45/56 MP: 2/11
  4074 | D:3      | Found a hide-covered altar of Uskayaw.
  4104 | D:3      | Found an iron altar of Okawaru.
  4250 | D:2      | Found a faded altar of an unknown god.
  4332 | D:2      | Learned a level 1 spell: Necrotise
  4679 | D:1      | Reached * piety under Beogh
  5620 | D:5      | Found a staircase to the Ecumenical Temple.
  5851 | D:5      | Reached XP level 8. HP: 62/62 MP: 3/13
  5981 | D:5      | Learned a level 3 spell: Vampiric Draining
  6253 | D:6      | Reached skill level 1 in Necromancy
  6419 | D:6      | Noticed Dowan
  6421 | D:6      | Noticed Duvessa
  6430 | D:6      | Killed Dowan
  6433 | D:6      | Killed Duvessa
  6663 | D:6      | Reached ** piety under Beogh
  6664 | D:6      | Reached skill level 6 in Fire Magic
  6876 | D:6      | Reached XP level 9. HP: 70/70 MP: 7/15
  6904 | D:6      | Reached skill level 1 in Evocations
  7358 | D:7      | Identified the +3 whip "Letaqy" {vorpal, rF+ rCorr Str+4}
  8006 | D:7      | Found Jatuittia's Tremendous Tomes.
  8093 | D:7      | HP: 2/70 [centaur/arrow (12)]
  8094 | D:7      | Shot with an arrow by a centaur

Illustrated notes

Levels and vault maps discovered:
D:1:      dreamdust_arrival_sigmund_warning, layout_loops_ring,
          minmay_tromino_i4
D:2:      layout_rooms, ebering_ecumenical_altar_petrified
D:3:      layout_loops_corners, mainiacjoe_overflow_big_doors, uniq_jessica,
          uniq_sigmund
D:4:      layout_basic, nicolae_tso_swordbearing_angel,
          grunt_dithmenos_smoke_and_mirrors, uniq_crazy_yiuf_cottage
D:5:      layout_rooms, temple_green
D:6:      layout_gridville, chequers_serial_rivers_small_b,
          minmay_tree_intersection, minmay_misc_feat_plants,
          hangedman_decor_growths, uniq_duvessa
D:7:      layout_basic, nzn_wu_jian_council_hall, hangedman_decor_riveting,
          corexii_item_surrounded_by_moat, nicolae_shop_i_like_big_books

Skill      XL: |  1  2  3  4  5  6  7  8  9 |
---------------+----------------------------+-----
Fighting       | 1 2 3 |  3.5
Stealth        | 2 3 |  3.3
Spellcasting   | 2 3 4 |  4.3
Fire Magic     | 4 5 6 |  6.3
Short Blades   | 1 2 |  2.6
Armour         | 1 2 3 |  3.1
Dodging        | 2 |  2.9
Hexes          | 1 2 |  2.5
Unarmed Combat | 1 2 |  2.5
Conjurations   | 2 |  2.9
Invocations    | 1 2 3 |  3.0
Necromancy     | 1 2 |  2.0
Evocations     | 1 |  1.3
Maces & Flails | |  0.4

Action                   |  1- 3 |  4- 6 |  7- 9 || total
-------------------------+-------+-------+-------++-------
Melee: Dagger            |    32 |    18 |       ||    50
       Quick blade       |       |    18 |    47 ||    65
       Whip              |       |       |     8 ||     8
       Punch             |       |       |     1 ||     1
 Cast: Foxfire           |     8 |    11 |    18 ||    37
       Scorch            |    14 |    47 |    68 ||   129
       Inner Flame       |       |     2 |     4 ||     6
       Necrotise         |       |       |     8 ||     8
       Vampiric Draining |       |       |     7 ||     7
       Flame Wave        |       |       |     3 ||     3
Invok: Convert to Beogh  |       |     1 |       ||     1
Evoke: Wand              |       |       |    11 ||    11
  Use: Scroll            |     4 |     8 |     8 ||    20
       Potion            |     2 |     2 |     5 ||     9
 Stab: Sleeping          |     3 |     1 |     8 ||    12
Armor: Robe              |    13 |     6 |    14 ||    33
Dodge: Dodged            |    41 |    35 |    71 ||   147
